 Dungeon Crawl Stone Soup version 0.31.0-11-ge490571c62 (webtiles) character file.

Game seed: 8765041602645818769

91 qw the Shooter (level 4, -1/22 HPs)
             Began as a Spriggan Hunter on Feb 3, 2024.
             Incinerated by a bombardier beetle (5 damage)
             ... with a burning spray
             ... on level 3 of the Dungeon.
             The game lasted 00:00:04 (2037 turns).

qw the Shooter (Spriggan Hunter)                    Turns: 2037, Time: 00:00:05

Health: -1/22      AC:  2    Str:  7    XL:     4   Next: 33%
Magic:  0/5        EV: 20    Int: 10    God:
Gold:   102        SH:  0    Dex: 20    Spells: 3/3 levels left

rFire   . . .        a - +0 shortbow
rCold   . . .        (shield currently unavailable)
rNeg    . . .        c - +0 robe
rPois   .            (helmet restricted)
rElec   .            (no cloak)
rCorr   .            (gloves unavailable)
SInv    +            (boots unavailable)
Will    .....        e - amulet of guardian spirit
Stlth   +            (no ring)
HPRegen 0.23/turn    (no ring)
MPRegen 0.09/turn

%: guardian spirit
@: on fire, glowing, very quick
A: very small, no large weapons, unfitting armour, see invisible, speed 3
a: no special abilities


You were on level 3 of the Dungeon.
You visited 1 branch of the dungeon, and saw 3 of its levels.

You collected 102 gold pieces.


Innate Abilities, Weirdness & Mutations

You are very small and have problems with some larger weapons.
You are too small for most types of armour.
You have supernaturally acute eyesight. (SInv)
You cover ground extremely quickly. (Speed+++)


   Skills:
 - Level 1.5 Fighting
 - Level 5.0 Ranged Weapons
 + Level 4.8 Dodging
 - Level 1.5 Stealth


You had 3 spell levels left.
You didn't know any spells.
Your spell library was empty.

Inventory:

Hand Weapons
 a - a +0 shortbow (weapon)
Armour
 c - a +0 robe (worn)
Jewellery
 e - an amulet of guardian spirit (around neck)
Scrolls
 b - a scroll of revelation {unknown}
Potions
 d - a potion of curing {unknown}
 g - a potion of cancellation {unknown}

Dungeon Overview and Level Annotations

Branches:
Dungeon (3/15)

Altars:
Fedhas


Message History

You struggle to resist.
You shoot an arrow. The orc shouts!
The arrow hits the frilled lizard!
You kill the frilled lizard!
Your Ranged Weapons skill increases to level 5!
You shoot an arrow.
The arrow barely misses the bombardier beetle.
The arrow closely misses the orc priest.
You shoot an arrow. The arrow hits the bombardier beetle.
The bombardier beetle is moderately wounded.
You shoot an arrow.
The arrow completely misses the bombardier beetle.
The arrow closely misses the orc priest.
The bombardier beetle sprays incendiary fluid at you.
The burning spray hits you.
You are covered in liquid fire!
You shoot an arrow. The arrow hits the bombardier beetle.
The bombardier beetle is severely wounded.
The liquid fire burns you!
You shoot an arrow.
The arrow closely misses the bombardier beetle.
The arrow hits the orc but does no damage.
The liquid fire burns you!
The orc priest casts a cantrip, but nothing happens.
You shoot an arrow.
The arrow barely misses the bombardier beetle.
The liquid fire burns you!
The bombardier beetle sprays incendiary fluid at you.
The burning spray misses you.
You shoot an arrow. The arrow hits the bombardier beetle!
You kill the bombardier beetle!
The liquid fire burns you!
You have reached level 4!
You shoot an arrow. The arrow hits the orc!
You kill the orc!
The liquid fire burns you!
You shoot an arrow. The arrow barely misses the orc priest.
The liquid fire burns you!
You die...

####### ######### .......
#........ ~~~~~..
#.####### # ~~~~~~. #.#
#### ...o~~o ########.#
...# ~~~~~~.##.....##.#
...# ~~~~~..@.........#
...#
.......##.....##########
...#
........<...............
...#
....######.......#########
#### .... #.......# # ...
#.......# # #.# #.......#
#######.#####
#.#.......####
.............
.........>...#


You could see an orc priest and an orc.

Vanquished Creatures
  A bombardier beetle (D:3)
  An adder (D:2)
  A dart slug (D:3)
  A ribbon worm (D:2)
  2 orcs (D:3)
  6 ball pythons
  A bat (D:2)
  4 endoplasms
  4 giant cockroaches
  4 goblins
  4 hobgoblins (D:2)
  6 kobolds
  A quokka (D:2)
  3 frilled lizards
  3 rats
42 creatures vanquished.

Notes
Turn   | Place    | Note
-------+----------+-------------------------------------------
     0 | D:1      | qw the Spriggan Hunter began the quest for the Orb.
     0 | D:1      | Reached XP level 1. HP: 10/10 MP: 2/2
     0 | D:1      | 0 ||| qw: Version: 0.3-a-157-g843a77d
     0 | D:1      | 0 ||| qw: Game counter: 3622
     0 | D:1      | 0 ||| qw: Melee chars always use a shield: true
     0 | D:1      | 0 ||| qw: God list: Okawaru
     0 | D:1      | 0 ||| qw: Allow faded altars: false
     0 | D:1      | 0 ||| qw: Do Orc after clearing Dungeon:15 true
     0 | D:1      | 0 ||| qw: Do second Lair branch before Depths: true
     0 | D:1      | 0 ||| qw: Lair rune preference: random
     0 | D:1      | 0 ||| qw: Goals: Normal
     0 | D:1      | 0 ||| PLANNING D:1-11
   156 | D:1      | Found a faded altar of an unknown god.
   187 | D:1      | Reached skill level 3 in Dodging
   387 | D:1      | Reached XP level 2. HP: 14/14 MP: 3/3
   964 | D:1      | 964 ||| READING scroll labelled VALOCAUFIU.
   965 | D:1      | 965 ||| READING scroll labelled RUHAAC POALE.
   966 | D:1      | 966 ||| READING scroll labelled XOTYTI NYVVAKK.
   967 | D:1      | 967 ||| DROPPING scroll of butterflies.
  1155 | D:2      | Found a blossoming altar of Fedhas.
  1353 | D:2      | Reached XP level 3. HP: 18/18 MP: 4/4
  1566 | D:2      | 1566 ||| UPGRADING to amulet of guardian spirit.
  1571 | D:2      | 1571 ||| READING scroll labelled ERE CUETYOSHROU.
  1576 | D:2      | 1576 ||| READING scroll labelled QOICVI VINADEI.
  2023 | D:3      | Found a blossoming altar of Fedhas.
  2029 | D:3      | Reached skill level 5 in Ranged Weapons
  2036 | D:3      | Reached XP level 4. HP: 8/22 MP: 1/5
  2036 | D:3      | HP: 4/22 [burnt (4)]
  2037 | D:3      | Incinerated by a bombardier beetle

Levels and vault maps discovered:
D:1:      roderic_chinese_lattice_arrival, layout_basic,
          ebering_ecumenical_altar_webs
D:2:      layout_loops_ring, basic_altar
D:3:      layout_basic, mainiacjoe_overflow_catwalk

Skill      XL: |  1  2  3 |
---------------+----------+-----
Dodging        | 3 4 |  4.8
Ranged Weapons | 5 |  5.0
Fighting       | |  1.5
Stealth        | |  1.5

Action                     |  1- 3 |  4- 6 || total
---------------------------+-------+-------++-------
   Fire: Shortbow          |    84 |     2 ||    86
    Use: Scroll            |     5 |       ||     5
 Armour: Robe              |     2 |       ||     2
  Dodge: Dodged            |    24 |       ||    24

Table legend:
 A = Non-vault XP
 B = Vault XP
 C = Vault XP percentage of total XP
 D = Non-vault monster count
 E = Vault monster count
 F = Vault count percentage of total count
                 A         B        C        D         E       F
            +---------+---------+-------+---------+---------+-------
      Total |     130 |       0 |   0.0 |      42 |       0 |   0.0
            +---------+---------+-------+---------+---------+-------
        D:1 |      17 |       0 |   0.0 |      10 |       0 |   0.0
        D:2 |      40 |       0 |   0.0 |      15 |       0 |   0.0
        D:3 |      73 |       0 |   0.0 |      17 |       0 |   0.0
            +---------+---------+-------+---------+---------+-------
